 Dungeon Crawl Stone Soup version 0.31-a0-986-g5e6e4ef867 (webtiles) character file.

Game seed: 16469859582347609360

74 wildpjah the Slasher (level 4, -5/28 HPs)
             Began as a Tengu Monk on Nov 22, 2023.
             Slain by a sleepcap (6 damage)
             ... on level 4 of the Dungeon.
             The game lasted 00:02:59 (2161 turns).

wildpjah the Slasher (Tengu Monk)                   Turns: 2161, Time: 00:03:00

Health: -5/28      AC:  4    Str: 11    XL:     4   Next: 30%
Magic:  5/5        EV: 13    Int: 10    God:
Gold:   242        SH:  0    Dex: 19    Spells: 3/3 levels left

rFire   . . .        m - +1 dagger (vamp)
rCold   . . .        d - orb {light}
rNeg    . . .        n - +0 leather armour
rPois   .            (helmet restricted)
rElec   .            (no cloak)
rCorr   .            g - +0 pair of gloves
SInv    .            (boots unavailable)
Will    +....        l - amulet of magic regeneration
Stlth   +            e - ring of willpower
HPRegen 0.24/turn    (no ring)
MPRegen 0.49/turn

%: acrobat
@: lethally poisoned (-5 -> -7), glowing
A: beak, talons 3, acrobatic
a: no special abilities


You were on level 4 of the Dungeon.
You visited 1 branch of the dungeon, and saw 4 of its levels.

You collected 242 gold pieces.

Inventory:

Hand Weapons
 a - a +0 falchion
 m - a +1 vampiric dagger (weapon)
Armour
 b - a +0 robe
 d - an orb of light (worn)
 g - a +0 pair of gloves (worn)
 n - a +0 leather armour (worn)
Jewellery
 e - a ring of willpower (left hand)
 l - an amulet of magic regeneration (around neck)
Wands
 q - a wand of flame (19)
Scrolls
 h - a scroll of vulnerability {unknown}
 i - 3 scrolls of identify {unknown}
 j - 2 scrolls of fog {unknown}
 k - 2 scrolls of enchant armour {unknown}
 u - 3 scrolls of teleportation {unknown}
Potions
 c - a potion of ambrosia
 f - 3 potions of curing {unknown}
 o - a potion of lignification {unknown}
 p - a potion of attraction {unknown}
 r - a potion of cancellation {unknown}
 s - a potion of mutation {unknown}
 t - a potion of degeneration {unknown}


   Skills:
 * Level 3.4 Fighting
 + Level 0.1(2.6) Short Blades
 + Level 4.4 Long Blades
 * Level 4.0 Dodging
 + Level 0.1 Stealth


You had 3 spell levels left.
You didn't know any spells.
Your spell library contained the following spells:

 Spells                   Type           Power      Damage    Failure   Level
 Necrotise                Necr           0%         1d4       45%         1
 Slow                     Hex            0%         N/A       45%         1
 Confusing Touch          Hex            0%         N/A       83%         3
 Sigil of Binding         Hex            0%         N/A       83%         3
 Vampiric Draining        Necr           0%         2d6       83%         3
 Animate Armour           Summ/Erth      0%         N/A       99%         4
 Summon Lightning Spire   Summ/Air       0%         N/A       99%         4
 Agony                    Necr           0%         N/A       100%        5
 Lee's Rapid Deconstruct  Erth           0%         3d4*      100%        5


Dungeon Overview and Level Annotations

Branches:
Dungeon (4/15)
 Temple: D:4-7

Altars:
Gozag

Shops:
D:1 =   D:3 !


Innate Abilities, Weirdness & Mutations

You have a beak for a mouth.
You have claws for feet.
You can magically evade attacks while moving or waiting.


Message History

The adder hisses angrily.
The sleepcap closely misses you.
You hit the sleepcap. You peck the sleepcap.
The sleepcap is lightly damaged.
The sleepcap releases spores at you.
You hit the sleepcap but do no damage. You claw the sleepcap!
The sleepcap is heavily damaged.
The sleepcap closely misses you.
A scorpion comes into view.
You hit the sleepcap.
You feel better.
The sleepcap is heavily damaged.
The sleepcap releases spores at you.
You are engulfed in a cloud of soporific spores!
You fall asleep.
The adder bites you!
You wake up.
You are poisoned.
The adder poisons you! The sleepcap releases spores at you!
* * * LOW HITPOINT WARNING * * *
You are engulfed in a cloud of soporific spores!
You are unaffected.
You hit the sleepcap but do no damage.
You claw the sleepcap, but do no damage.
The sleepcap is heavily damaged.
* * * LOW HITPOINT WARNING * * *
You feel sick. The adder closely misses you.
The sleepcap releases spores at you but does no damage.
You hit the sleepcap.
You feel better.
You peck the sleepcap.
The sleepcap is severely damaged.
The adder closely misses you. The sleepcap releases spores at you.
* * * LOW HITPOINT WARNING * * *
You are engulfed in a cloud of soporific spores!
You are unaffected.
You hit the sleepcap but do no damage.
You claw the sleepcap, but do no damage.
You peck the sleepcap.
The sleepcap is almost destroyed.
* * * LOW HITPOINT WARNING * * *
You feel sick. The adder closely misses you.
The adder bites you but does no damage. The sleepcap releases spores at you.
You die...

####....###
#........# #....##
#........###...## #.
##........##....#
... .........##...##
...##........#....#
(.................#
#......f.........##
#sS@.........## ###
##....###.....####.#
#....# #.......##..
#....# #.....#.#...
#...## #......#...#
##...# ##......#....
#....###........#..#
#..........#..#..#.#
#...........########


You could see a sleepcap, a scorpion and an adder.

Vanquished Creatures
  2 adders (D:2)
  3 worms (D:2)
  2 dart slugs
  4 endoplasms
  A giant cockroach (D:2)
  2 goblins (D:2)
  4 hobgoblins
  2 kobolds (D:2)
  4 quokkas
  8 ball pythons
  7 bats
  2 frilled lizards
  A rat (D:1)
42 creatures vanquished.

Notes
Turn   | Place    | Note
-------+----------+-------------------------------------------
     0 | D:1      | wildpjah the Tengu Monk began the quest for the Orb.
     0 | D:1      | Reached XP level 1. HP: 14/14 MP: 2/2
    52 | D:1      | Found a faded altar of an unknown god.
   318 | D:1      | Found Iraelekh's Jewellery Shop.
   322 | D:1      | Reached XP level 2. HP: 17/19 MP: 3/3
   955 | D:2      | Reached XP level 3. HP: 23/23 MP: 4/4
  1194 | D:2      | Reached XP level 4. HP: 28/28 MP: 5/5
  1576 | D:3      | Found Akuany Sasa's Distillery.
  1797 | D:3      | Found an opulent altar of Gozag.
  2156 | D:4      | Noticed a scorpion
  2161 | D:4      | HP: 1/28 [poisoned by an adder]
  2161 | D:4      | Slain by a sleepcap

Illustrated notes

Levels and vault maps discovered:
D:1:      sevenhm_arrival_forest_fort_small_6, layout_basic, serial_shops, shop,
          shapermc_ecumenical_altar_acropolis, serial_aquarium,
          aquarium_bridge_long_joined [aquarium_subvault_bridge,
          aquarium_subvault_bridge, aquarium_subvault_window,
          aquarium_subvault_wall, aquarium_subvault_balcony,
          aquarium_subvault_window], aquarium_window_fake, aquarium_window_1,
          aquarium_view_2c, aquarium_pool_five
D:2:      layout_basic
D:3:      layout_basic, mainiacjoe_overflow_brackets, serial_shops,
          nicolae_shop_trees
D:4:      minmay_octagon_keep, layout_layer_cave, lemuel_doored_altar,
          fedhas_altar_4, serial_shops, nicolae_shop_peninsula

Skill      XL: |  1  2  3 |
---------------+----------+-----
Long Blades    | 4 |  4.4
Dodging        | 4 |  4.0
Fighting       | |  3.4
Short Blades   | |  0.1
Stealth        | |  0.1

Action                     |  1- 3 |  4- 6 || total
---------------------------+-------+-------++-------
  Melee: Falchion          |    32 |       ||    32
         Kick              |    22 |     9 ||    31
         Peck              |    10 |     9 ||    19
         Dagger            |    30 |    34 ||    64
 Armour: Robe              |    14 |       ||    14
         Leather armour    |     2 |    17 ||    19
  Dodge: Dodged            |    50 |    30 ||    80

Table legend: (Time is in decaauts)
 A = Elapsed time spent in this place.
 B = Non-inter-level travel time spent in this place.
 C = Inter-level travel time spent in this place.
 D = Time resting spent in this place.
 E = Time spent auto-exploring this place.
 F = Levels seen in this place.
 G = Mean time per level.
                   A        B        C        D        E       F      G
               +--------+--------+--------+--------+--------+-----+--------+
         Total |   2157 |   2100 |     57 |     30 |   1748 |   4 |  539.2 |
       Dungeon |   2157 |   2100 |     57 |     30 |   1748 |   4 |  539.2 |
               +--------+--------+--------+--------+--------+-----+--------+

Top non-repeatable levels by time:
     D:1: 981 daAuts
     D:3: 501 daAuts
     D:2: 445 daAuts
     D:4: 228 daAuts
